 Dungeon Sprint DCSS version 0.27.1 (webtiles) character file.

Game seed: 5320793846318286329

2800000 JuniperTheExplorer the Formicid Barricade (level 25, -4/234 HPs)
             Began as a Formicid Fighter on Aug 21, 2021.
             Slain by a bag of meat (44 damage)
             ... in the Dungeon (Sprint VIII: "Arena of Blood").
             The game lasted 00:03:20 (28 turns).

JuniperTheExplorer the Formicid Barricade (FoFi)      Turns: 28, Time: 00:03:26

Health: -4/234     AC: 13    Str: 25    XL:     25   Next: 38%
Magic:  20/43      EV: 18    Int: 11    God:
Gold:   0          SH: 19    Dex: 15    Spells: 56/56 levels left

rFire    . . .     SeeInvis +   h - +∞ Axe of Woe
rCold    . . .     Faith    .   c - +0 kite shield
rNeg     . . .     Spirit   .   b - +0 scale mail
rPois    .         Reflect  .   (helmet unavailable)
rElec    .         Harm     .   (no cloak)
rCorr    .         Rampage  .   (no gloves)
Will     ++...                  (no boots)
Stlth    ++++++....             (no amulet)
HPRegen  0.49/turn              j - +30 ring of slaying
MPRegen  0.28/turn              (no ring)

@: no status effects
A: permanent stasis, dig shafts and tunnels, antennae 3, four strong arms
a: Dig


You were in the Dungeon.
You visited 1 branch

Inventory:

Hand Weapons
 a - a +0 war axe
 h - the +∞ Axe of Woe (weapon)
   (You found it in the Dungeon)
Armour
 b - a +0 scale mail (worn)
 c - a +0 kite shield (worn)
Jewellery
 i - a +30 ring of slaying
 j - a +30 ring of slaying (left hand)
Potions
 d - a potion of might
 e - a potion of curing
 g - 2 potions of magic


   Skills:
 O Level 27 Fighting
 + Level 16.3(18.3) Short Blades
 + Level 14.4(17.3) Long Blades
 O Level 27 Axes
 + Level 14.5(23.5) Maces & Flails
 + Level 14.4(23.5) Polearms
 + Level 14.4(18.6) Staves
 + Level 17.6(20.2) Slings
 + Level 14.1 Bows
 + Level 16.3 Crossbows
 + Level 16.3(18.8) Throwing
 O Level 27 Armour
 + Level 15.2 Dodging
 + Level 20.3 Stealth
 O Level 27 Shields
 + Level 16.3 Unarmed Combat
 + Level 16.3 Spellcasting
 + Level 15.2 Conjurations
 + Level 18.9 Hexes
 + Level 16.3 Summonings
 + Level 16.3 Necromancy
 + Level 15.2 Translocations
 + Level 17.6 Transmutations
 + Level 16.3 Fire Magic
 + Level 16.3 Ice Magic
 + Level 14.1 Air Magic
 + Level 18.9 Earth Magic
 + Level 20.3 Poison Magic
 + Level 18.9 Invocations
 + Level 17.6 Evocations


You had 56 spell levels left.
You didn't know any spells.
Your spell library was empty.

Dungeon Overview and Level Annotations

Branches:
Dungeon (1/1)

Altars:
Makhleb


Innate Abilities, Weirdness & Mutations

You cannot be hasted, slowed, berserked, paralysed or teleported.
You can dig through walls and to a lower floor.
You have a pair of large antennae on your head. (SInv)
Your four strong arms can wield two-handed weapons with a shield.


Message History

A meat berserker comes into view. It is wielding a +9 battleaxe.
You hear a shout! x3
A meat berserker comes into view. It is wielding a +9 battleaxe.
The bag of meat is engulfed in blazing flames. x2
You hear a shout! x5
Your base Short Blades skill increases to level 16!
Your base Long Blades skill increases to level 14!
Your base Maces & Flails skill increases to level 14!
Your base Polearms skill increases to level 14!
Your base Staves skill increases to level 14!
Your base Slings skill increases to level 17!
Your Bows skill increases to level 14!
Your Crossbows skill increases to level 16!
Your base Throwing skill increases to level 16!
Your Dodging skill increases to level 15!
Your Stealth skill increases to level 20!
Your Unarmed Combat skill increases to level 16!
Your Spellcasting skill increases to level 16!
Your Conjurations skill increases to level 15!
Your Hexes skill increases to level 18!
Your Summonings skill increases to level 16!
Your Necromancy skill increases to level 16!
Your Translocations skill increases to level 15!
Your Transmutations skill increases to level 17!
Your Fire Magic skill increases to level 16!
Your Ice Magic skill increases to level 16!
Your Air Magic skill increases to level 14!
Your Earth Magic skill increases to level 18!
Your Poison Magic skill increases to level 20!
Your Invocations skill increases to level 18!
Your Evocations skill increases to level 17!
You have reached level 25!
You feel much better.
You are engulfed in blazing flames.
You hear a shout! x5
The bag of meat is engulfed in blazing flames.
The bag of meat hits you with a +9 war axe!!
* * * LOW HITPOINT WARNING * * *
The bag of meat is engulfed in blazing flames.
The bag of meat hits you with a +9 war axe!!!
You die...

......o.........
..V.o.O.........
#...............
...............
..o.O...O...
#.oo§§§.# ..
#.oo§)§.#
...###§§@o)§.###.
.......○###......
#.....§.)_.......
.....O#)....#....
......#_.<._# ...
..... #....{# ..
#..O....._..... .
........###......
...###o.. ..###.


You could see a destroyer, 2 large bags of meat, 3 meat berserkers and 8 bags of
meat.

Vanquished Creatures
  2 vampire knights (D)
  8 ogres (D)
  3 two-headed ogres (D)
  18 orcs (D)
31 creatures vanquished.

Notes
Turn   | Place    | Note
-------+----------+-------------------------------------------
     0 | D        | Found the +∞ Axe of Woe
     0 | D        | JuniperTheExplorer the Formicid Fighter began the quest for
                  | the Orb.
     0 | D        | Reached XP level 1. HP: 18/18 MP: 1/1
     1 | D        | Noticed a meat berserker
     4 | D        | Killed a meat berserker
     5 | D        | Reached XP level 2. HP: 51/51 MP: 2/2
     5 | D        | Reached XP level 3. HP: 58/58 MP: 3/3
     5 | D        | Reached XP level 4. HP: 65/65 MP: 4/4
     5 | D        | Reached XP level 5. HP: 72/72 MP: 5/5
     5 | D        | Reached XP level 6. HP: 79/79 MP: 6/6
     5 | D        | Reached XP level 7. HP: 85/85 MP: 7/7
     5 | D        | Reached XP level 8. HP: 93/93 MP: 8/8
     5 | D        | Reached XP level 9. HP: 99/99 MP: 9/9
     5 | D        | Reached XP level 10. HP: 107/107 MP: 10/10
     5 | D        | Reached XP level 11. HP: 113/113 MP: 11/11
     5 | D        | Reached XP level 12. HP: 120/120 MP: 12/12
     5 | D        | Reached XP level 13. HP: 127/127 MP: 13/13
     6 | D        | Noticed a meat berserker
     7 | D        | Killed a meat berserker
     7 | D        | Noticed a bag of meat
     8 | D        | Reached XP level 14. HP: 141/141 MP: 14/14
     8 | D        | Reached XP level 15. HP: 148/148 MP: 15/15
     9 | D        | Noticed a meat berserker
    10 | D        | Noticed a meat berserker
    11 | D        | Noticed a meat berserker
    12 | D        | Reached skill level 15 in Axes
    12 | D        | Reached XP level 16. HP: 160/160 MP: 16/16
    12 | D        | Noticed a meat berserker
    12 | D        | Killed a meat berserker
    13 | D        | Reached skill level 27 in Shields
    14 | D        | Reached skill level 27 in Fighting
    14 | D        | Reached skill level 27 in Armour
    14 | D        | Reached XP level 17. HP: 132/174 MP: 17/17
    14 | D        | Killed a meat berserker
    14 | D        | Killed a meat berserker
    15 | D        | Reached skill level 27 in Axes
    15 | D        | Reached XP level 18. HP: 138/182 MP: 18/18
    16 | D        | Reached skill level 10 in Stealth
    16 | D        | Reached skill level 10 in Poison Magic
    16 | D        | Reached XP level 19. HP: 144/189 MP: 18/30
    16 | D        | Reached XP level 20. HP: 150/197 MP: 18/31
    16 | D        | Noticed a meat berserker
    17 | D        | Killed a meat berserker
    17 | D        | Noticed a large bag of meat
    18 | D        | Reached skill level 10 in Slings
    18 | D        | Reached skill level 10 in Transmutations
    18 | D        | Reached skill level 10 in Evocations
    18 | D        | Noticed a large bag of meat
    18 | D        | Noticed a destroyer
    18 | D        | Noticed a destroyer
    19 | D        | Noticed a meat berserker
    20 | D        | Reached skill level 10 in Short Blades
    20 | D        | Reached skill level 10 in Crossbows
    20 | D        | Reached skill level 10 in Throwing
    20 | D        | Reached skill level 10 in Unarmed Combat
    20 | D        | Reached skill level 10 in Spellcasting
    20 | D        | Reached skill level 10 in Summonings
    20 | D        | Reached skill level 10 in Necromancy
    20 | D        | Reached skill level 10 in Fire Magic
    20 | D        | Reached skill level 10 in Ice Magic
    20 | D        | Reached XP level 21. HP: 157/204 MP: 18/35
    21 | D        | Reached skill level 10 in Dodging
    21 | D        | Reached skill level 10 in Conjurations
    21 | D        | Reached skill level 10 in Translocations
    21 | D        | Killed a destroyer
    21 | D        | Killed a destroyer
    22 | D        | Reached skill level 15 in Hexes
    22 | D        | Reached skill level 15 in Earth Magic
    22 | D        | Reached skill level 15 in Invocations
    22 | D        | Reached XP level 22. HP: 164/212 MP: 19/39
    22 | D        | Killed a meat berserker
    22 | D        | Noticed a large bag of meat
    23 | D        | Reached skill level 15 in Slings
    23 | D        | Reached skill level 15 in Transmutations
    23 | D        | Reached skill level 15 in Evocations
    23 | D        | Reached XP level 23. HP: 169/219 MP: 19/41
    24 | D        | Killed a large bag of meat
    25 | D        | Reached XP level 24. HP: 134/227 MP: 19/41
    25 | D        | Noticed a large bag of meat
    26 | D        | Killed a large bag of meat
    26 | D        | Noticed a destroyer
    26 | D        | Noticed a large bag of meat
    27 | D        | Reached skill level 15 in Short Blades
    27 | D        | Reached skill level 15 in Crossbows
    27 | D        | Reached skill level 15 in Throwing
    27 | D        | Reached skill level 15 in Unarmed Combat
    27 | D        | Reached skill level 15 in Spellcasting
    27 | D        | Reached skill level 15 in Summonings
    27 | D        | Reached skill level 15 in Necromancy
    27 | D        | Reached skill level 15 in Fire Magic
    27 | D        | Reached skill level 15 in Ice Magic
    27 | D        | Killed a large bag of meat
    28 | D        | Reached skill level 15 in Dodging
    28 | D        | Reached skill level 15 in Conjurations
    28 | D        | Reached skill level 15 in Translocations
    28 | D        | Reached XP level 25. HP: 65/234 MP: 20/43
    28 | D        | Slain by a bag of meat

Illustrated notes

Levels and vault maps discovered:
D:        meatsprint

Skill      XL: |  1  2  3  4  5  6  7  8  9 10 11 12 13 14 15 16 17 18 19 20 21 22 23 24 |
---------------+-------------------------------------------------------------------------+-----
Fighting       | 19 22 24 27 | 27.0
Axes           | 11 13 15 19 27 | 27.0
Armour         | 19 22 24 27 | 27.0
Shields        | 20 23 25 27 | 27.0
Short Blades   | 7 10 13 14 16 | 16.3
Long Blades    | 6 8 11 12 14 | 14.4
Maces & Flails | 6 8 11 12 14 | 14.5
Polearms       | 6 8 11 12 14 | 14.4
Staves         | 6 8 11 12 14 | 14.4
Slings         | 8 11 14 15 17 | 17.6
Bows           | 6 8 11 12 14 | 14.1
Crossbows      | 7 10 13 14 16 | 16.3
Throwing       | 7 10 13 14 16 | 16.3
Dodging        | 7 9 12 13 15 | 15.2
Stealth        | 10 12 16 17 18 20 | 20.3
Unarmed Combat | 7 10 13 14 16 | 16.3
Spellcasting   | 7 10 13 14 16 | 16.3
Conjurations   | 7 9 12 13 15 | 15.2
Hexes          | 9 11 15 16 18 | 18.9
Summonings     | 7 10 13 14 16 | 16.3
Necromancy     | 7 10 13 14 16 | 16.3
Translocations | 7 9 12 13 15 | 15.2
Transmutations | 8 11 14 15 17 | 17.6
Fire Magic     | 7 10 13 14 16 | 16.3
Ice Magic      | 7 10 13 14 16 | 16.3
Air Magic      | 6 8 11 12 14 | 14.1
Earth Magic    | 9 11 15 16 18 | 18.9
Poison Magic   | 10 12 16 17 18 20 | 20.3
Invocations    | 9 11 15 16 18 | 18.9
Evocations     | 8 11 14 15 17 | 17.6

Action                   |  1- 3 |  4- 6 |  7- 9 | 10-12 | 13-15 | 16-18 | 19-21 | 22-24 | 25-27 || total
-------------------------+-------+-------+-------+-------+-------+-------+-------+-------+-------++-------
Melee: Executioner's axe |     1 |       |       |       |     2 |     4 |     4 |     4 |       ||    15
  Use: Potion            |       |       |       |       |       |       |       |       |     1 ||     1
Armor: Scale mail        |       |       |       |       |       |       |     1 |       |       ||     1
